 Dungeon Crawl Stone Soup version 0.26.1-11-gd32895ea62 (webtiles) character file.

Game seed: 5496315615343513846

151 Zeld the Chopper (level 5, -3/45 HPs)
             Began as a Minotaur Berserker on May 23, 2021.
             Was a Believer of Trog.
             Blown up by Ijyb (26 damage)
             ... with a disintegration bolt
             ... on level 3 of the Dungeon.
             The game lasted 00:01:48 (2763 turns).

Zeld the Chopper (Minotaur Berserker)               Turns: 2763, Time: 00:01:49

Health: -3/45      AC:  0    Str: 22    XL:     5   Next: 10%
Magic:  4/4        EV: 12    Int:  4    God:    Trog [**....]
Gold:   196        SH:  0    Dex: 10    Spells: 4/4 levels left

rFire    . . .     SeeInvis .   a - +0 hand axe
rCold    . . .     Faith    .   (no shield)
rNeg     . . .     Spirit   .   (no armour)
rPois    .         Reflect  .   (helmet restricted)
rElec    .         Harm     .   (no cloak)
rCorr    .         Rampage  .   (no gloves)
Will     ++...                  (no boots)
Stlth    +.........             (no amulet)
HPRegen  1.15/turn              (no ring)
MPRegen  0.09/turn              (no ring)

@: regenerating (expiring)
A: retaliatory headbutt, horns 2
a: Renounce Religion, Berserk, Trog's Hand


You were on level 3 of the Dungeon.
You worshipped Trog.
Trog was pleased with you.
You visited 1 branch of the dungeon, and saw 3 of its levels.

You collected 196 gold pieces.

Inventory:

Hand Weapons
 a - a +0 hand axe (weapon)
Jewellery
 g - an uncursed ring of ice {unknown}
 i - an uncursed ring of protection from cold
Scrolls
 b - 5 scrolls of identify {unknown}
 c - 2 scrolls of amnesia {unknown}
 d - 2 scrolls of teleportation {unknown}
 e - 2 scrolls of remove curse {unknown}
 j - a scroll of magic mapping {unknown}
 l - a scroll of blinking {unknown}
Potions
 f - a potion of attraction {unknown}
 h - a potion of magic {unknown}
 k - a potion of degeneration {unknown}


   Skills:
 - Level 3.6 Fighting
 * Level 7.1 Axes
 - Level 2.4 Armour
 - Level 2.1 Dodging


You had 4 spell levels left.
You didn't know any spells.
Your spell library was empty.

Dungeon Overview and Level Annotations

Branches:
Dungeon (3/15)

Altars:
Hepliaklqana
Uskayaw

Annotations:
D:3 Ijyb


Innate Abilities, Weirdness & Mutations

You reflexively headbutt those who attack you in melee.
You have a pair of horns on your head.


Message History

A hobgoblin and Ijyb come into view.
Ijyb is wielding a +0 club and carrying a wand of disintegration (8).
Ijyb shouts!
The hobgoblin shouts!
Ijyb zaps a wand.
You are blasted!
There are monsters nearby!
An ogre comes into view. It is wielding a +0 giant club.
The ogre shouts!
You hear a shout!
There are monsters nearby!
Ijyb zaps a wand.
You are blasted!
Ouch! That really hurt!
You are too injured to fight recklessly!
You are too injured to fight recklessly!
You aren't carrying any items that you can evoke.
Unknown command.
Your skin crawls.
You feel strong-willed.
You feel the effects of Trog's Hand fading.
Ijyb zaps a wand.
You are blasted!
Ouch! That really hurt!
You die...

+....##.#.##.#.(##.#.##
#.....##.#.##.#[.##.#.##
####.#.##O#.##((#.##.#.##
##.#.##.#.##(.#.##.#.##
##.#.##g#.##..#.##.#.#
##.#.##g#.#.#.##.#.##
##.#.##.#.#.##.#.##
##.#.##.#.##.#[##
##.#.##@##.#.##
##.#.###.#.## ##.#.#.#.##
##.#.#.## ##.#.## ##.##
###


You could see an ogre, Ijyb and a hobgoblin.

Vanquished Creatures
  A hound (D:2)
  Terence (D:2)
  A gnoll (D:1)
  2 adders (D:2)
  5 leopard geckos
  An orc (D:3)
  4 bats
  3 giant cockroaches
  5 goblins
  2 hobgoblins (D:2)
  8 jackals
  2 quokkas
  4 frilled lizards
  13 kobolds
  7 rats
59 creatures vanquished.

Vanquished Creatures (others)
  10 plants (D:1)
10 creatures vanquished.

Grand Total: 69 creatures vanquished

Notes
Turn   | Place    | Note
-------+----------+-------------------------------------------
     0 | D:1      | Zeld the Minotaur Berserker began the quest for the Orb.
     0 | D:1      | Reached XP level 1. HP: 19/19 MP: 0/0
   142 | D:1      | Reached skill level 4 in Axes
   285 | D:1      | Reached XP level 2. HP: 26/26 MP: 1/1
   755 | D:1      | Reached skill level 5 in Axes
   893 | D:1      | Reached XP level 3. HP: 22/31 MP: 2/2
   904 | D:1      | Reached ** piety under Trog
  1230 | D:2      | Found a hazy altar of Hepliaklqana.
  1453 | D:2      | Noticed a +0 dagger
  1454 | D:2      | Noticed a +0 dagger
  1455 | D:2      | Found a hide-covered altar of Uskayaw.
  1455 | D:2      | Noticed Terence
  1466 | D:2      | Killed Terence
  1467 | D:2      | Reached skill level 6 in Axes
  1467 | D:2      | Reached XP level 4. HP: 12/39 MP: 3/3
  1491 | D:2      | HP: 1/39 [hobgoblin (4)]
  2166 | D:2      | Reached XP level 5. HP: 39/45 MP: 4/4
  2480 | D:3      | Reached skill level 7 in Axes
  2757 | D:3      | Noticed Ijyb
  2758 | D:3      | Noticed an ogre
  2763 | D:3      | Blown up by Ijyb

Illustrated notes

Levels and vault maps discovered:
D:1:      sevenhm_arrival_forest_fort_small_4, layout_rooms,
          lexackson_kobold_supper
D:2:      layout_basic, nzn_hepliaklqana_mist_gate, dancing_weapons_uskayaw,
          uniq_terence
D:3:      minmay_inner_zag, layout_basic, lemuel_crystal_altar, uniq_grinder,
          uniq_ijyb

Skill      XL: |  1  2  3  4  5 |
---------------+----------------+-----
Axes           | 4 5 6 7 |  7.1
Fighting       | |  3.6
Armour         | |  2.4
Dodging        | |  2.1

Action                   |  1- 3 |  4- 6 || total
-------------------------+-------+-------++-------
Melee: Hand axe          |    58 |    53 ||   111
       Headbutt          |     3 |     9 ||    12
Invok: Berserk           |     2 |     1 ||     3
       Trog's Hand       |       |     1 ||     1
 Stab: Sleeping          |       |     1 ||     1
Dodge: Dodged            |    55 |    34 ||    89
